 Dungeon Crawl Stone Soup version 0.28-a0-43-g560ac104fe (webtiles) character file.

Game seed: 17710702276295733100

125 HAL9000 the Changer (level 4, -1/35 HPs)
             Began as a Draconian Transmuter on July 28, 2021.
             Slain by an orc (4 damage)
             ... on level 3 of the Dungeon.
             The game lasted 00:02:37 (3436 turns).

HAL9000 the Changer (Draconian Transmuter)          Turns: 3436, Time: 00:02:38

Health: -1/35      AC:  5    Str: 12    XL:     4   Next: 82%
Magic:  4/7        EV: 12    Int: 15    God:
Gold:   160        SH:  0    Dex: 11    Spells: 1/7 levels left

rFire   . . .      SeeInvis .     - Unarmed
rCold   . . .      Faith    .   (no shield)
rNeg    . . .      Spirit   .   (armour unavailable)
rPois   .          Reflect  .   (helmet restricted)
rElec   .          Harm     .   (no cloak)
rCorr   .          Rampage  .   (no gloves)
Will    .....                   (no boots)
Stlth   +.........              (no amulet)
HPRegen 0.11/turn               (no ring)
MPRegen 0.10/turn               (no ring)

@: wereblooded, very slightly contaminated
A: AC +5, unfitting armour, cold-blooded
a: no special abilities


You were on level 3 of the Dungeon.
You visited 1 branch of the dungeon, and saw 4 of its levels.

You collected 160 gold pieces.

Inventory:

Jewellery
 i - a +4 ring of protection
Scrolls
 c - 3 scrolls of identify {unknown}
 e - 2 scrolls of acquirement {unknown}
 f - a scroll of teleportation {unknown}
Potions
 a - a potion of magic {unknown}
 b - a potion of might {unknown}
 d - a potion of ambrosia {unknown}
 g - a potion of invisibility {unknown}
 h - a potion of berserk rage {unknown}


   Skills:
 - Level 1.1 Fighting
 - Level 1.7 Dodging
 - Level 3.0 Unarmed Combat
 + Level 2.0 Spellcasting
 + Level 5.1 Transmutations


You had one spell level left.
You knew the following spells:

 Your Spells              Type           Power      Damage    Failure   Level
a - Beastly Appendage     Tmut           32%        N/A       2%          1
b - Wereblood             Tmut           16%        N/A       4%          2
c - Spider Form           Tmut/Pois      4%         N/A       24%         3

Your spell library contained the following spells:

 Spells                   Type           Power      Damage    Failure   Level
 Stone Arrow              Conj/Erth      2%         3d7       54%         3
 Ice Form                 Ice/Tmut       9%         N/A       61%         4
 Lehudib's Crystal Spear  Conj/Erth      0%         10d2      100%        8
 Animate Armour           Summ/Erth      Unusable   N/A       N/A         4

Dungeon Overview and Level Annotations

Branches:
Dungeon (4/15)
 Temple: D:4-7

Altars:
Yredelemnul


Innate Abilities, Weirdness & Mutations

Your plain brown scales are hard. (AC +5)
You cannot fit into any form of body armour.
You are cold-blooded and may be slowed by cold attacks.


Message History

There is a stone staircase leading up here.
The orc shouts!
The kobold barely misses you. The orc hits you but does no damage.
The orc hits you with a +0 flail. The orc barely misses you.
You climb upwards.
There is a stone staircase leading down here.
Unknown command.
Casting: Beastly Appendage (safe; 2% risk of failure)
Confirm with . or Enter, or press ? or * to list all spells.
Your blood is infused with primal strength.
The kobold misses you. The orc hits you with a +0 war axe! The orc misses you.
The orc barely misses you.
You closely miss the orc. The kobold hits you but does no damage.
The orc misses you. The orc barely misses you. The orc hits you with a +0 club.
Casting: Wereblood (safe; 4% risk of failure)
Confirm with . or Enter, or press ? or * to list all spells.
You miscast Beastly Appendage.
You are very lightly contaminated with residual magic.
Nothing appears to happen.
The kobold completely misses you. The orc barely misses you.
The orc hits you with a +0 flail. The orc hits you with a +0 club.
* * * LOW HITPOINT WARNING * * *
You hit the orc.
The orc is lightly wounded.
The kobold hits you with a +0 short sword.
* * * LOW HITPOINT WARNING * * *
The orc completely misses you. The orc hits you with a +0 flail.
* * * LOW HITPOINT WARNING * * *
The orc barely misses you.
You hit the orc.
The orc is moderately wounded.
The kobold closely misses you. The orc barely misses you. x2
Unknown command.
You barely miss the orc.
The orc is moderately wounded.
The orc closely misses you.
The kobold hits you with a +0 short sword.
* * * LOW HITPOINT WARNING * * *
The orc misses you. The orc hits you with a +0 flail.
You die...

##.##..............###
#........<)....##..#
##.###.#####.#.##..#
### #.#####.#.##..##
#.#............#
#.#.###........#
#.#.#####.###..#
##o...####.# #..#
#@o........# #..#
#Ko...########..##
#...............##
#.##.##########.##
#.##.# #.## ###.##.#
#... #....#.## ####
#.#<.#..# # #.##+##.#
#


You could see 3 orcs and a kobold.

Vanquished Creatures
  5 adders
  2 worms
  3 dart slugs
  5 ball pythons
  6 endoplasms
  5 giant cockroaches
  11 goblins
  4 hobgoblins
  11 kobolds
  8 bats
  A frilled lizard (D:1)
  A rat (D:2)
  A spectral orc (D:3)
63 creatures vanquished.

Notes
Turn   | Place    | Note
-------+----------+-------------------------------------------
     0 | D:1      | HAL9000 the Draconian Transmuter began the quest for the
                  | Orb.
     0 | D:1      | Reached XP level 1. HP: 16/16 MP: 3/3
    47 | D:1      | Reached XP level 2. HP: 17/23 MP: 3/5
   189 | D:1      | Reached skill level 3 in Transmutations
   628 | D:1      | Reached XP level 3. HP: 28/28 MP: 4/6
  1165 | D:2      | Reached skill level 4 in Transmutations
  1246 | D:2      | Learned a level 2 spell: Wereblood
  1257 | D:2      | Learned a level 3 spell: Spider Form
  1663 | D:2      | Reached XP level 4. HP: 34/35 MP: 7/7
  2759 | D:3      | Found a basalt altar of Yredelemnul.
  2857 | D:3      | Reached skill level 5 in Transmutations
  3436 | D:3      | Slain by an orc

Illustrated notes

Levels and vault maps discovered:
D:1:      dpeg_arrival_rooms_b, layout_basic
D:2:      minmay_evil_eye, layout_loops_cross
D:3:      layout_loops_ring, yredelemnul_forgotten_temple_becter,
          minmay_liquid_box
D:4:      layout_loops_cross, grunt_qazlal_clouds,
          nicolae_ossuary_entry_monument, serial_shops, shop

Skill      XL: |  1  2  3  4 |
---------------+-------------+-----
Transmutations | 3 4 5 |  5.1
Fighting       | |  1.1
Dodging        | |  1.7
Unarmed Combat | |  3.0
Spellcasting   | |  2.0

Action                   |  1- 3 |  4- 6 || total
-------------------------+-------+-------++-------
Melee: Unarmed           |   125 |    74 ||   199
       Headbutt          |    10 |     2 ||    12
       Kick              |    18 |    11 ||    29
       Tailslap          |    10 |     7 ||    17
       Punch             |       |     1 ||     1
 Cast: Beastly Appendage |    20 |    12 ||    32
       Wereblood         |       |     1 ||     1
 Stab: Sleeping          |     1 |       ||     1
Armor: Skin              |    44 |    16 ||    60
Dodge: Dodged            |    90 |    57 ||   147

Table legend: (Time is in decaauts)
 A = Elapsed time spent in this place.
 B = Non-inter-level travel time spent in this place.
 C = Inter-level travel time spent in this place.
 D = Time resting spent in this place.
 E = Time spent auto-exploring this place.
 F = Levels seen in this place.
 G = Mean time per level.
                   A        B        C        D        E       F      G
               +--------+--------+--------+--------+--------+-----+--------+
         Total |   3425 |   3336 |     89 |     60 |   2847 |   4 |  856.2 |
       Dungeon |   3425 |   3336 |     89 |     60 |   2847 |   4 |  856.2 |
               +--------+--------+--------+--------+--------+-----+--------+

Top non-repeatable levels by time:
     D:2: 1330 daAuts
     D:1: 1088 daAuts
     D:3: 1001 daAuts
     D:4: 4 daAuts
